 Dungeon Crawl Stone Soup version 0.28.0-53-g5a82cb258f (webtiles) character file.

Game seed: 15060901669853291210

145 Groucho the Magician (level 5, -3/28 HPs)
             Began as a Deep Elf Air Elementalist on July 19, 2022.
             Slain by Sigmund
             ... wielding a +0 scythe
              (9 damage)
             ... on level 4 of the Dungeon.
             The game lasted 00:09:04 (3987 turns).

Groucho the Magician (Deep Elf Air Elementalist)    Turns: 3987, Time: 00:09:05

Health: -3/28      AC:  3    Str:  7    XL:     5   Next: 6%
Magic:  21/23      EV: 12    Int: 26    God:
Gold:   100        SH:  0    Dex: 15    Spells: 11/13 levels left

rFire   . . .      SeeInvis .   d - +0 dagger
rCold   . . .      Faith    .   (no shield)
rNeg    . . .      Spirit   .   a - +0 robe
rPois   .          Reflect  .   (no helmet)
rElec   .          Harm     .   (no cloak)
rCorr   .          Rampage  .   i - +0 pair of gloves
Will    .....                   (no boots)
Stlth   ++........              p - amulet of magic regeneration
HPRegen 0.09/turn               b - ring of magical power
MPRegen 0.58/turn               l - +6 ring of intelligence

@: no status effects
A: no striking features
a: no special abilities


You were on level 4 of the Dungeon.
You visited 1 branch of the dungeon, and saw 4 of its levels.

You collected 100 gold pieces.

Inventory:

Hand Weapons
 d - a +0 dagger (weapon)
 j - a +2 vorpal hunting sling
 s - a +0 short sword
Missiles
 c - 86 stones
 e - 31 arrows
 f - 48 bolts
Armour
 a - a +0 robe (worn)
 i - a +0 pair of gloves (worn)
 m - a +0 ring mail
Jewellery
 b - a ring of magical power (left hand)
 l - a +6 ring of intelligence (right hand)
 p - an amulet of magic regeneration (around neck)
 u - a ring of wizardry
Scrolls
 o - 2 scrolls of vulnerability {unknown}
 q - 2 scrolls of identify {unknown}
 r - a scroll of fog {unknown}
 v - a scroll of teleportation {unknown}
Potions
 g - a potion of attraction {unknown}
 h - a potion of curing
 k - a potion of haste {unknown}
 n - a potion of invisibility {unknown}
 t - a potion of mutation {unknown}


   Skills:
 - Level 2.4 Dodging
 - Level 2.5 Stealth
 + Level 4.6 Spellcasting
 + Level 3.1 Conjurations
 + Level 0.6 Fire Magic
 + Level 4.1 Air Magic


You had 11 spell levels left.
You knew the following spells:

 Your Spells              Type           Power      Damage    Failure   Level
a - Shock                 Conj/Air       96%        1d9       1%          1
b - Foxfire               Conj/Fire      60%        2x1d7     3%          1

Your spell library contained the following spells:

 Spells                   Type           Power      Damage    Failure   Level
 Static Discharge         Conj/Air       24%        N/A       2%          2
 Swiftness                Air            27%        N/A       4%          3
 Conjure Flame            Conj/Fire      15%        6-21      11%         3
 Airstrike                Air            13%        N/A       14%         4
 Inner Flame              Hex/Fire       7%         N/A       21%         3
 Flame Wave               Conj/Fire      15%        2d6       36%         4


Dungeon Overview and Level Annotations

Branches:
Dungeon (4/15)
 Temple: D:4-7

Altars:
Cheibriados
Ru
Xom

Shops:
D:3 (

Annotations:
D:4 Sigmund


Message History

You can't see any susceptible monsters within range! (Use Z to cast anyway.)
Casting: Shock (safe; 1% risk of failure)
Confirm with . or Enter, or press ? or * to list all spells.
Aiming: Shock (safe; 1% risk of failure)
Press: ? - help, Shift-Dir - straight line The zap hits something.
Unknown command.
Unknown command.
Casting: Shock (safe; 1% risk of failure)
Confirm with . or Enter, or press ? or * to list all spells.
Aiming: Shock (safe; 1% risk of failure)
Press: ? - help, Shift-Dir - straight line The zap hits something.
You hear a zap.
A puff of flame appears from out of thin air!
The puff of flame hits you.
Unknown command.
Unknown command.
Casting: Shock (safe; 1% risk of failure)
Confirm with . or Enter, or press ? or * to list all spells.
Aiming: Shock (safe; 1% risk of failure)
Press: ? - help, Shift-Dir - straight line The zap hits something.
Unknown command.
Unknown command.
Casting: Shock (safe; 1% risk of failure)
Confirm with . or Enter, or press ? or * to list all spells.
Aiming: Shock (safe; 1% risk of failure)
Press: ? - help, Shift-Dir - straight line The zap hits something but does no damage.
Something hits you!
* * * LOW HITPOINT WARNING * * *
Unknown command.
Unknown command.
Casting: Shock (safe; 1% risk of failure)
Confirm with . or Enter, or press ? or * to list all spells.
Aiming: Shock (safe; 1% risk of failure)
Press: ? - help, Shift-Dir - straight line The zap hits something.
Something hits you!
You die...

###.......#..<.......
###._.###)..#......
###.......#.###.####.
#.#...#...#.# .#
#.#...#...#.#
#.'#######+ #....# .
#.######....
#...@.......
#...####.... #8...8#
. ##...## #...# #....
8..... ##?....


There were no monsters in sight!

Vanquished Creatures
  6 gnolls (D:3)
  2 adders (D:3)
  2 worms (D:3)
  2 orcs (D:3)
  4 ball pythons
  4 endoplasms
  6 giant cockroaches
  2 goblins
  4 hobgoblins
  A jackal (D:4)
  3 kobolds
  A quokka (D:3)
  2 bats
  5 frilled lizards
  2 rats (D:3)
46 creatures vanquished.

Vanquished Creatures (others)
  2 gnolls (D:3)
  An adder (D:3)
  A worm (D:3)
  8 foxfires
12 creatures vanquished.

Grand Total: 58 creatures vanquished

Notes
Turn   | Place    | Note
-------+----------+-------------------------------------------
     0 | D:1      | Groucho the Deep Elf Air Elementalist began the quest for
                  | the Orb.
     0 | D:1      | Reached XP level 1. HP: 10/10 MP: 6/6
   347 | D:1      | Reached XP level 2. HP: 9/15 MP: 8/8
  1622 | D:2      | Found a faded altar of an unknown god.
  2292 | D:2      | Learned a level 1 spell: Foxfire
  2751 | D:3      | Found a shimmering altar of Xom.
  2759 | D:3      | Reached XP level 3. HP: 19/19 MP: 10/10
  2794 | D:3      | Reached XP level 4. HP: 24/24 MP: 12/12
  3110 | D:3      | Found Tiegyunn's Weapon Boutique.
  3134 | D:3      | Reached XP level 5. HP: 9/28 MP: 13/13
  3673 | D:3      | Found a snail-covered altar of Cheibriados.
  3887 | D:4      | Found a sacrificial altar of Ru.
  3975 | D:4      | Noticed Sigmund
  3987 | D:4      | Slain by Sigmund

Illustrated notes

Levels and vault maps discovered:
D:1:      elethiomel_arrival_quiet, layout_basic, minmay_box_of_dots
D:2:      layout_basic, hellmonk_ecumenical_altar_run_dry
D:3:      layout_rooms, slow_altar_2, xom_confusion_cloud, serial_shops,
          nicolae_shop_behind_doors
D:4:      nicolae_BIG_FREAKIN_CUBE, layout_rooms, lemuel_coloured_pillars_altar,
          tgw_fedhas, nicolae_ru_great_annihilating_truth, serial_corexii_hall,
          corexii_hall_statues_s, corexii_hall_statues_u,
          hangedman_abyss_or_decor_stabs, chequers_serial_rivers_small_a,
          uniq_sigmund

Skill      XL: |  1  2  3  4 |
---------------+-------------+-----
Conjurations   | 2 3 |  3.1
Spellcasting   | 4 |  4.6
Air Magic      | 4 |  4.1
Dodging        | |  2.4
Stealth        | |  2.5
Fire Magic     | |  0.6

Action                   |  1- 3 |  4- 6 || total
-------------------------+-------+-------++-------
Melee: Dagger            |    59 |    19 ||    78
       Punch             |       |     1 ||     1
 Cast: Shock             |    33 |    45 ||    78
       Foxfire           |     4 |     1 ||     5
  Use: Potion            |       |     1 ||     1
 Stab: Sleeping          |     6 |       ||     6
       Paralysed         |       |     1 ||     1
Armor: Robe              |    13 |     7 ||    20
Dodge: Dodged            |    38 |    16 ||    54
